 Dungeon Crawl Stone Soup version 0.28-a0-1038-g9c4cb8273d (webtiles) character file.

Game seed: 14057377612246547867

5 blank1 the Skirmisher (level 1, 0/20 HPs)
             Began as a Minotaur Fighter on Dec 9, 2021.
             Succumbed to a goblin's poison
             ... on level 1 of the Dungeon.
             The game lasted 00:00:28 (305 turns).

blank1 the Skirmisher (Minotaur Fighter)             Turns: 305, Time: 00:00:29

Health: 0/20       AC:  7    Str: 20    XL:     1   Next: 66%
Magic:  0/0        EV:  9    Int:  5    God:
Gold:   22         SH:  4    Dex:  9    Spells: 0/0 levels left

rFire   . . .      SeeInvis .   a - +0 flail
rCold   . . .      Faith    .   c - +0 buckler
rNeg    . . .      Spirit   .   b - +0 scale mail
rPois   .          Reflect  .   (helmet restricted)
rElec   .          Harm     .   (no cloak)
rCorr   .          Rampage  .   (no gloves)
Will    .....                   (no boots)
Stlth   ..........              (no amulet)
HPRegen 0.06/turn               (no ring)
MPRegen 0.07/turn               (no ring)

@: lethally poisoned (0 -> -3)
A: horns 2, retaliatory headbutt
a: no special abilities


You were on level 1 of the Dungeon.
You visited 1 branch of the dungeon, and saw 1 of its levels.

You collected 22 gold pieces.

Inventory:

Hand Weapons
 a - a +0 flail (weapon)
Armour
 b - a +0 scale mail (worn)
 c - a +0 buckler (worn)
Potions
 d - a potion of might


   Skills:
 + Level 3.7 Fighting
 + Level 2.5 Maces & Flails
 + Level 3.7 Armour
 + Level 0.3 Dodging
 + Level 3.7 Shields


You couldn't memorise any spells.
You didn't know any spells.
Your spell library contained the following spells:

 Spells                   Type           Power      Damage    Failure   Level
 Sting                    Tmut/Pois      0%         1d3       83%         1
 Leda's Liquefaction      Hex/Erth       0%         N/A       100%        4
 Alistair's Intoxication  Tmut/Pois      0%         N/A       100%        5
 Summon Mana Viper        Hex/Summ       0%         N/A       100%        5


Dungeon Overview and Level Annotations

Branches:
Dungeon (1/15)

Altars:


Innate Abilities, Weirdness & Mutations

You have a pair of horns on your head.
You reflexively headbutt those who attack you in melee.


Message History

You open the door.
There is an open door here.
A goblin comes into view. It is wielding a +0 dagger of venom.
The goblin shouts!
You hear a shout!
A goblin is nearby!
A goblin is nearby!
A ball python and 2 kobolds come into view.
The ball python hisses angrily.
The kobold shouts!
You hit the goblin but do no damage. Your headbutt misses the goblin.
The goblin hits you but does no damage.
You are poisoned.
The kobold throws a stone.
The stone hits you. The goblin hits you but does no damage.
You are more poisoned.
You hit the ball python.
You kill the ball python!
You feel very sick.
The kobold throws a stone.
The stone hits you but does no damage.
The goblin hits you with a +0 dagger of venom.
You sock the goblin!
You kill the goblin!
You feel very sick. The kobold hits you but does no damage.
A quokka comes into view.
The kobold barely misses you.
* * * LOW HITPOINT WARNING * * *
You feel sick.
* * * LOW HITPOINT WARNING * * *
You feel sick.
Okay, then.
You aren't carrying any scrolls.
Unknown command.
You barely miss the kobold.
* * * LOW HITPOINT WARNING * * *
You feel sick. The kobold barely misses you.
* * * LOW HITPOINT WARNING * * *
You feel sick. The kobold misses you. The kobold hits you but does no damage.
You hit the kobold.
The kobold is severely wounded.
You die...

.....#.... #8...
.....#...# ##.#.
......... #8.#. #......
##.#.
####....########8...
..#....#8#8#8#8#...
#.#....#...........
#####.#K...'.#####...<.
#....K@..#.#...........
#.....####.#8#8#8#8#...
#...).# #.########8...
#...r.# #.. ##.#.
#.....# #.. #8.#.
#...... #... ##.#.
........ #... #8...
......... ###'#
##........ #.#


You could see a quokka and 2 kobolds.

Vanquished Creatures
  An endoplasm (D:1)
  A goblin (D:1)
  A quokka (D:1)
  A ball python (D:1)
  A bat (D:1)
5 creatures vanquished.

Notes
Turn   | Place    | Note
-------+----------+-------------------------------------------
     0 | D:1      | blank1 the Minotaur Fighter began the quest for the Orb.
     0 | D:1      | Reached XP level 1. HP: 19/19 MP: 0/0
   166 | D:1      | Got the Reference Book on Vitriolic Hexes
   304 | D:1      | HP: 1/20 [poisoned by a goblin]
   305 | D:1      | Succumbed to a goblin's poison

Illustrated notes

Levels and vault maps discovered:
D:1:      heliophobic_arrival_ceremonial_halls, layout_basic,
          hellmonk_ecumenical_altar_run_dry

Action                   || total
-------------------------++-------
Melee: Flail             ||    11
       Headbutt          ||     2
Armor: Scale mail        ||     8
Dodge: Dodged            ||     5

Table legend: (Time is in decaauts)
 A = Elapsed time spent in this place.
 B = Non-inter-level travel time spent in this place.
 C = Inter-level travel time spent in this place.
 D = Time resting spent in this place.
 E = Time spent auto-exploring this place.
 F = Levels seen in this place.
 G = Mean time per level.
                   A        B        C        D        E       F      G
               +--------+--------+--------+--------+--------+-----+--------+
         Total |    308 |    308 |      0 |      0 |    273 |   1 |  308.0 |
       Dungeon |    308 |    308 |      0 |      0 |    273 |   1 |  308.0 |
               +--------+--------+--------+--------+--------+-----+--------+

Top non-repeatable levels by time:
     D:1: 308 daAuts
